 Dungeon Crawl Stone Soup version 0.30-a0-141-g30f27751c5 (webtiles) character file.

Game seed: 4898500280765127203

29 Zonian the Sneak (level 3, -4/18 HPs)
             Began as a Vine Stalker Brigand on Sept 26, 2022.
             Slain by a gnoll
             ... wielding a +1 whip of electrocution
              (7 damage)
             ... on level 1 of the Dungeon.
             The game lasted 00:01:35 (1535 turns).

Zonian the Sneak (Vine Stalker Brigand)             Turns: 1535, Time: 00:01:35

Health: -4/18      AC:  3    Str: 13    XL:     3   Next: 16%
Magic:  0/4        EV: 12    Int: 11    God:
Gold:   32         SH:  0    Dex: 17    Spells: 2/2 levels left

rFire   . . .      SeeInvis .    a - +2 dagger
rCold   . . .      Faith    .    (no shield)
rNeg    . . .      Spirit   +    b - +0 robe
rPois   .          Reflect  .    (no helmet)
rElec   .          Harm     .    c - +0 cloak
rCorr   .          Rampage  .    (no gloves)
Will    .....                    (no boots)
Stlth   +++.......               (no amulet)
HPRegen 0.06/turn                (no ring)
MPRegen 0.09/turn                (no ring)

@: no status effects
A: fangs 2, magic shield, antimagic bite, no potion heal 2
a: no special abilities


You were on level 1 of the Dungeon.
You visited 1 branch of the dungeon, and saw 1 of its levels.

You collected 32 gold pieces.

Inventory:

Hand Weapons
 a - a +2 dagger (weapon)
Missiles
 d - 9 poisoned darts (quivered)
 e - 3 curare-tipped darts
Armour
 b - a +0 robe (worn)
 c - a +0 cloak (worn)
Magical Staves
 j - a staff of air
Scrolls
 f - 2 scrolls of magic mapping {unknown}
 h - a scroll of identify {unknown}
Potions
 g - a potion of mutation {unknown}
 i - a potion of curing {unknown}


   Skills:
 + Level 2.1 Fighting
 + Level 2.1 Short Blades
 + Level 2.1 Throwing
 + Level 1.2 Dodging
 + Level 5.1 Stealth


You had 2 spell levels left.
You didn't know any spells.
Your spell library was empty.

Dungeon Overview and Level Annotations

Branches:
Dungeon (1/15)

Altars:


Innate Abilities, Weirdness & Mutations

You have extremely sharp teeth.
When hurt, damage is shared between your health and your magic reserves.
Your bite disrupts and absorbs the magic of your enemies.
Potions cannot restore your health.


Message History

You hit the dart slug. You bite the dart slug. You drain its power.
You feel invigorated.
The dart slug is heavily wounded.
You hit the dart slug.
The dart slug is severely wounded.
The dart slug bites you.
You hit the dart slug.
The dart slug is almost dead.
The dart slug launches a dart at you. The slug dart hits you.
You hit the dart slug.
You kill the dart slug!
Unknown command.
Magic restored.
Key pressed, stopping explore.
You open the door.
A gnoll comes into view.
It is wielding a +1 whip of electrocution.
Unknown command.
A frilled lizard comes into view.
There is an open door here.
The frilled lizard hisses angrily.
The gnoll shouts!
The gnoll hits you with a +1 whip of electrocution!
You closely miss the gnoll. You bite the gnoll. You drain its power.
You feel invigorated.
The gnoll is lightly wounded.
The gnoll closely misses you.
Unknown command.
You hit the gnoll. You bite the gnoll, but do no damage.
The gnoll is moderately wounded.
You hit the gnoll. You bite the gnoll. You drain its power.
The gnoll is heavily wounded.
The gnoll hits you with a +1 whip of electrocution.
You hit the gnoll. Your bite misses the gnoll.
The gnoll is heavily wounded.
The gnoll hits you with a +1 whip of electrocution!
* * * LOW HITPOINT WARNING * * *
Unknown command.
The gnoll attacks as you move away!
The gnoll hits you with a +1 whip of electrocution!
You die...

#..###.#.#.##.#
#......#.#.##.#
#........#.##.#
#..........##.######
#.#####............#
#.......#####.####.#
########## #.# #.#
#.....g..# #.# #.#
#####.....l@.####.####.#
#...#........'.........#
#...#........####.######
######...######+### #.#
...........# #.#
...........# ####.#
...........# #....#
...........+ #'##.##
...........# ##.##..#


You could see a gnoll and a frilled lizard.

Vanquished Creatures
  2 dart slugs (D:1)
  3 goblins (D:1)
  5 hobgoblins (D:1)
  3 quokkas (D:1)
  4 ball pythons (D:1)
  A bat (D:1)
  A frilled lizard (D:1)
  2 kobolds (D:1)
  2 rats (D:1)
23 creatures vanquished.

Notes
Turn   | Place    | Note
-------+----------+-------------------------------------------
     0 | D:1      | Zonian the Vine Stalker Brigand began the quest for the
                  | Orb.
     0 | D:1      | Reached XP level 1. HP: 11/11 MP: 2/2
   749 | D:1      | Reached skill level 1 in Dodging
   749 | D:1      | Reached XP level 2. HP: 15/15 MP: 3/3
   814 | D:1      | Reached skill level 5 in Stealth
  1303 | D:1      | Reached XP level 3. HP: 18/18 MP: 4/4
  1535 | D:1      | Slain by a gnoll

Illustrated notes

Levels and vault maps discovered:
D:1:      minmay_arrival_shattered_statue, layout_basic

Skill      XL: |  1  2 |
---------------+-------+-----
Dodging        | 1 |  1.2
Fighting       | 2 |  2.1
Stealth        | 5 |  5.1
Short Blades   | 2 |  2.1
Throwing       | 2 |  2.1

Action                   || total
-------------------------++-------
Melee: Dagger            ||    74
       Bite              ||    11
 Stab: Sleeping          ||     2
Armor: Robe              ||    13
Dodge: Dodged            ||    43

Table legend: (Time is in decaauts)
 A = Elapsed time spent in this place.
 B = Non-inter-level travel time spent in this place.
 C = Inter-level travel time spent in this place.
 D = Time resting spent in this place.
 E = Time spent auto-exploring this place.
 F = Levels seen in this place.
 G = Mean time per level.
                   A        B        C        D        E       F      G
               +--------+--------+--------+--------+--------+-----+--------+
         Total |   1527 |   1527 |      0 |    924 |    388 |   1 | 1527.0 |
       Dungeon |   1527 |   1527 |      0 |    924 |    388 |   1 | 1527.0 |
               +--------+--------+--------+--------+--------+-----+--------+

Top non-repeatable levels by time:
     D:1: 1527 daAuts
